 Dungeon Sprint DCSS version 0.16-a0-3781-g2316936 (console) character file.

5652 Monkaria the Executioner (level 10, -7/93 HPs)
             Began as a Hill Orc Fighter on Jan 25, 2015.
             Was the Champion of Makhleb.
             Succumbed to Sonja's poison
             ... in the Dungeon (Sprint I: "Red Sonja").
             The game lasted 00:06:37 (1520 turns).

Monkaria the Executioner (Hill Orc Fighter)         Turns: 1520, Time: 00:06:37

Health: -7/93      AC: 13    Str: 28    XL:     10   Next: 74%
Magic:  10/10      EV:  9    Int: 13    God:    Makhleb [******]
Gold:   1069       SH: 13    Dex: 10    Spells: 0 memorised, 9 levels left

rFire  . . .     SeeInvis .     a - +0 war axe
rCold  + . .     Clarity  .     m - +4 scale mail "Vaonk" {+Inv rC+ Regen+ Str+5}
rNeg   . . .     SustAb   .     c - +0 shield
rPois  .         Gourm    .     (no helmet)
rElec  .         Spirit   .     (no cloak)
rCorr  .         Warding  .     (no gloves)
rMut   .         NoTele   +     (no boots)
MR     .....                    (no amulet)
Stlth  ..........               (no ring)
                                (no ring)

@: brilliant, lethally poisoned, short of breath, slowed, very slow, not
resistant to hostile enchantments, extremely unstealthy
A: no striking features
a: Minor Destruction, Lesser Servant of Makhleb, Major Destruction, Greater
Servant of Makhleb, Renounce Religion, Evoke Invisibility


You were in the Dungeon.
You worshipped Makhleb.
Makhleb was exalted by your worship.
You were not hungry.

You visited 1 branch You collected 1321 gold pieces.
You spent 252 gold pieces at shops.

Inventory:

Hand weapons
 a - a +0 war axe (weapon)
 o - a +0 longbow
 s - the cursed +0 scimitar "Nicyarub" {flame, rF+ Dex+2, unknown}
   (You found it in the Dungeon)

   It emits flame when wielded, causing extra injury to most foes and up to half
   again as much damage against particularly susceptible opponents.
   Big, fiery blades are also staple armaments of hydra-hunters.
   It affects your dexterity (+2).
   It protects you from fire.
   It has a curse placed upon it.
Missiles
 b - 2 tomahawks (quivered)
 l - 26 arrows
 n - 13 arrows of flame
Armour
 c - a +0 shield (worn)
 m - the +4 scale mail "Vaonk" (worn) {+Inv rC+ Regen+ Str+5}
   (You bought it in a shop in the Dungeon)

   It affects your strength (+5).
   It protects you from cold.
   It lets you turn invisible.
   It increases your rate of regeneration.
Scrolls
 j - a scroll of immolation {unknown}
 k - a scroll of blinking
 p - a scroll of remove curse {unknown}
 q - a scroll of enchant armour {unknown}
 r - a scroll of identify {unknown}
Potions
 e - a potion of brilliance
 i - 2 potions of magic
Comestibles
 d - a meat ration
 g - 3 chunks of flesh


   Skills:
 - Level 10.0 Fighting
 * Level 21.6 Axes
 - Level 13.0 Armour
 - Level 11.3 Shields


You had 9 spell levels left.
You didn't know any spells.

Dungeon Overview and Level Annotations

Branches:
Dungeon (1/1)

Altars:
Cheibriados
Dithmenos
Elyvilon
Fedhas
Gozag
Kikubaaqudgha
Makhleb
Nemelex Xobeh
Okawaru
Qazlal
Ru
Sif Muna
Trog
Vehumet
Xom
Yredelemnul
Zin
The Shining One
Jiyva

Shops:
D [(=[[%[:?}%:[[[}


Message History

Sonja hits you with an uncursed dagger of venom.
* * * LOW HITPOINT WARNING * * *
You are more poisoned.
Sonja misses you.
You slash Sonja!
You kill Sonja!
Makhleb accepts your kill.
You feel a little better.
* * * LOW HITPOINT WARNING * * *
You feel extremely sick.
* * * LOW HITPOINT WARNING * * *
You feel extremely sick.
Items here: $ ( )) † an uncursed dagger of venom; an uncursed blowgun; 5 curare-tipped needles 27 gold pieces; the kobold corpse of Sonja Unknown command.
Drink which item? (? for menu, Esc to quit)
It was a potion of brilliance.
You feel clever all of a sudden.
You die...

#..####..#...#)####§)####
#..#__####..##.#≈≈§§§#§.#
#..#_..__##'#..'≈≈§§§'§.#
#⌠⌠#_.∩...'..)_#§§§.§#..#
####_.[._##_.#'##§#####'###
#_____###+#.#)...###.'.#
#########.####[###.###.#
+$.('(....'.∩##.#
#$.@###########.#
##(###.......##.# #+
#.......†'§# #''.######§#
#.....§§§#.#
######......§#§§#
#(.).....§§§≈####
#..........§≈#
##.......≈≈≈##


There were no monsters in sight!

Vanquished Creatures
  2 centaur warriors (D)
  A deep troll (D)
  2 unseen horrors (D)
  An oklob plant (D)
  Sonja (D)
  A slime creature (D)
  4 trapdoor spiders (D)
  A yak (D)
  7 necrophages (D)
  A wasp (D)
  An ogre (D)
  Sigmund (D)
  8 jellies (D)
  Ijyb (D)
  A giant eyeball (D)
33 creatures vanquished.

Vanquished Creatures (others)
  A gargoyle (D)
1 creature vanquished.

Grand Total: 34 creatures vanquished

Notes
Turn   | Place    | Note
--------------------------------------------------------------
     0 | D        | Monkaria, the Hill Orc Fighter, began the quest for the Orb.
     0 | D        | Reached XP level 1. HP: 19/19 MP: 1/1
     1 | D        | Noticed Ijyb
    24 | D        | Killed Ijyb
    24 | D        | Reached skill level 5 in Fighting
    24 | D        | Reached skill level 6 in Axes
    24 | D        | Reached XP level 2. HP: 7/29 MP: 2/2
   262 | D        | Noticed an ogre
   268 | D        | Killed an ogre
   268 | D        | Reached skill level 7 in Fighting
   268 | D        | Reached skill level 9 in Axes
   268 | D        | Reached XP level 3. HP: 17/39 MP: 3/3
   268 | D        | Reached XP level 4. HP: 20/47 MP: 4/4
   445 | D        | Noticed Sigmund
   456 | D        | Killed Sigmund
   456 | D        | Reached skill level 11 in Axes
   456 | D        | Reached XP level 5. HP: 44/53 MP: 5/5
   518 | D        | Found a snail-covered altar of Cheibriados.
   518 | D        | Found a viscous altar of Jiyva.
   518 | D        | Found a shadowy altar of Dithmenos.
   518 | D        | Found a blossoming altar of Fedhas.
   518 | D        | Noticed a slime creature
   520 | D        | Found a deep blue altar of Sif Muna.
   521 | D        | Noticed a jelly
   522 | D        | Found a radiant altar of Vehumet.
   528 | D        | Killed a jelly
   528 | D        | Reached skill level 12 in Axes
   638 | D        | Found Feutaor's Antique Armour Emporium.
   638 | D        | Found a white marble altar of Elyvilon.
   638 | D        | Found a stormy altar of Qazlal.
   638 | D        | Found a burning altar of Makhleb.
   638 | D        | Found a sacrificial altar of Ru.
   638 | D        | Found a basalt altar of Yredelemnul.
   638 | D        | Found a glowing golden altar of the Shining One.
   638 | D        | Found a sparkling altar of Nemelex Xobeh.
   638 | D        | Found a shimmering altar of Xom.
   638 | D        | Found an opulent altar of Gozag.
   638 | D        | Found an ancient bone altar of Kikubaaqudgha.
   638 | D        | Found a glowing silver altar of Zin.
   638 | D        | Noticed a yak
   651 | D        | Killed a yak
   651 | D        | Reached skill level 10 in Fighting
   651 | D        | Reached skill level 13 in Axes
   651 | D        | Reached XP level 6. HP: 15/66 MP: 6/6
   652 | D        | Found an iron altar of Okawaru.
   653 | D        | Found a bloodstained altar of Trog.
   655 | D        | Became a worshipper of Makhleb the Destroyer
   658 | D        | Bought a scorched scale mail for 252 gold pieces
   668 | D        | Identified the +4 scale mail "Vaonk" {+Inv rC+ Regen+ Str+5} (You bought it in a shop in the Dungeon)
   705 | D        | Killed a gargoyle
   756 | D        | Killed a slime creature
   756 | D        | Reached skill level 16 in Axes
   756 | D        | Reached XP level 7. HP: 57/72 MP: 7/7
   781 | D        | Noticed a centaur warrior
   782 | D        | Noticed a centaur warrior
   796 | D        | Killed a centaur warrior
   796 | D        | Acquired Makhleb's first power
   796 | D        | Reached XP level 8. HP: 52/79 MP: 8/8
   798 | D        | Killed a centaur warrior
   798 | D        | Reached skill level 10 in Armour
   798 | D        | Reached skill level 10 in Shields
   798 | D        | Reached XP level 9. HP: 57/85 MP: 9/9
   861 | D        | Noticed a wasp
   865 | D        | Paralysed by a wasp for 2 turns
   870 | D        | Killed a wasp
   914 | D        | Noticed an oklob plant
   937 | D        | Killed an oklob plant
   947 | D        | Noticed a trapdoor spider
   949 | D        | Killed a trapdoor spider
   949 | D        | Acquired Makhleb's second power
   955 | D        | Noticed a trapdoor spider
   958 | D        | Killed a trapdoor spider
   961 | D        | Noticed a trapdoor spider
   967 | D        | Killed a trapdoor spider
   967 | D        | Acquired Makhleb's third power
   970 | D        | Noticed a trapdoor spider
   976 | D        | Killed a trapdoor spider
   976 | D        | Reached skill level 17 in Axes
  1098 | D        | Killed an unseen horror
  1098 | D        | Reached skill level 18 in Axes
  1098 | D        | Reached XP level 10. HP: 71/93 MP: 10/10
  1115 | D        | Killed an unseen horror
  1115 | D        | Acquired Makhleb's fourth power
  1115 | D        | Reached skill level 19 in Axes
  1136 | D        | Paralysed by a giant eyeball for 3 turns
  1138 | D        | Noticed a jelly
  1138 | D        | Noticed a jelly
  1138 | D        | Noticed a jelly
  1138 | D        | Noticed a jelly
  1147 | D        | Killed a jelly
  1149 | D        | Killed a jelly
  1151 | D        | Killed a jelly
  1151 | D        | Acquired Makhleb's fifth power
  1154 | D        | Killed a jelly
  1155 | D        | Noticed a jelly
  1155 | D        | Noticed a jelly
  1155 | D        | Noticed a jelly
  1162 | D        | Killed a jelly
  1168 | D        | Killed a jelly
  1172 | D        | Killed a jelly
  1182 | D        | Noticed a necrophage
  1183 | D        | Noticed a necrophage
  1200 | D        | Killed a necrophage
  1200 | D        | Reached skill level 20 in Axes
  1220 | D        | Killed a necrophage
  1222 | D        | Noticed a necrophage
  1223 | D        | Noticed a necrophage
  1223 | D        | Noticed a necrophage
  1239 | D        | Killed a necrophage
  1247 | D        | Killed a necrophage
  1253 | D        | Killed a necrophage
  1261 | D        | Noticed a necrophage
  1261 | D        | Noticed a necrophage
  1279 | D        | Killed a necrophage
  1283 | D        | Killed a necrophage
  1303 | D        | Got a warped scimitar
  1310 | D        | Found Klizxoda's Jewellery Shoppe.
  1310 | D        | Found Kappunlo's Antique Weapon Shop.
  1310 | D        | Found Ufiuvay's Antique Armour Boutique.
  1312 | D        | Found Temegaod's Antique Armour Emporium.
  1312 | D        | Found Oriusah's Food Shop.
  1312 | D        | Found Frusmer's Antique Armour Shoppe.
  1312 | D        | Found Namaraun's Book Boutique.
  1312 | D        | Found Doteh's Magic Scroll Emporium.
  1312 | D        | Found Cogrutso's Gadget Shop.
  1312 | D        | Found Meadaet's Food Shoppe.
  1312 | D        | Found Zaaninn's Book Boutique.
  1315 | D        | Found Acidehew's Armour Emporium.
  1315 | D        | Found Juminih's Antique Armour Boutique.
  1316 | D        | Found Reum's Gadget Emporium.
  1353 | D        | Noticed a deep troll
  1378 | D        | Killed a deep troll
  1378 | D        | Reached skill level 21 in Axes
  1397 | D        | Found Gesmo's Armour Emporium.
  1501 | D        | Noticed Sonja
  1518 | D        | Killed Sonja
  1519 | D        | HP: 1/93 [poisoned by Sonja]
  1520 | D        | Succumbed to Sonja's poison

Action                   |  1- 3 |  4- 6 |  7- 9 | 10-12 || total
-------------------------+-------+-------+-------+-------++-------
Melee: War axe           |    28 |    38 |    67 |   104 ||   237
Throw: Tomahawk          |       |       |       |     1 ||     1
  Use: Potion            |       |       |     1 |     6 ||     7
  Eat: Chunk             |       |       |     1 |     2 ||     3
